 Dungeon Sprint DCSS version 0.24.0-125-gc4c63601f3 (webtiles) character file.

Game seed: 4936761603202217803, levelgen mode: deterministic

4300000 Ponchio the Intangible (level 24, -17/249 HPs)
             Began as a Demigod Warper on Mar 4, 2020.
             Killed from afar by a large bag of meat (32 damage)
             ... with an exploding inner flame
             ... in the Dungeon (Sprint VIII: "Arena of Blood").
             The game lasted 00:07:00 (43 turns).

Ponchio the Intangible (Demigod Warper)               Turns: 43, Time: 00:07:01

Health: -17/249    AC:  6    Str: 14    XL:     24   Next: 11%
Magic:  21/61      EV: 39    Int: 17    God:
Gold:   0          SH:  0    Dex: 31    Spells: 75/77 levels left

rFire    . . .     SeeInvis .   c - +∞ Axe of Woe
rCold    . . .     Gourm    .   (shield currently unavailable)
rNeg     . . .     Faith    .   b - +0 leather armour
rPois    .         Spirit   .   (no helmet)
rElec    .         Reflect  .   (no cloak)
rCorr    .         Harm     .   (no gloves)
MR       ++...     NoTele   +   (no boots)
Stlth    +++++++++.             (no amulet)
HPRegen  0.51/turn              (no ring)
MPRegen  0.37/turn              (no ring)

@: very slightly contaminated, hasted, very quick
A: high mp 1
a: no special abilities


You were in the Dungeon.
You were not hungry.

You visited 1 branch

Inventory:

Hand Weapons
 a - a +0 hand axe
 c - the +∞ Axe of Woe (weapon)
   (You found it in the Dungeon)
Missiles
 e - 5 boomerangs of dispersal (quivered)
Armour
 b - a +0 leather armour (worn)
Potions
 g - a potion of curing
 h - a potion of heal wounds
 j - 2 potions of magic
 k - a potion of berserk rage
Comestibles
 f - a ration


   Skills:
 O Level 27 Fighting
 O Level 27 Axes
 O Level 27 Throwing
 O Level 27 Armour
 O Level 27 Dodging
 O Level 27 Stealth
 O Level 27 Unarmed Combat
 O Level 27 Spellcasting
 O Level 27 Translocations


You had 75 spell levels left.
You knew the following spells:

 Your Spells              Type           Power        Failure   Level  Hunger
a - Blink                 Tloc           N/A          0%          2    None

Your spell library contained the following spells:

 Spells                   Type           Power        Failure   Level  Hunger
 Shroud of Golubria       Chrm/Tloc      ######       0%          2    None
 Gell's Gravitas          Tloc           #######...   0%          3    None
 Lesser Beckoning         Tloc           #######...   0%          3    None
 Teleport Other           Tloc           #######.     0%          3    None
 Passage of Golubria      Tloc           N/A          0%          4    None


Dungeon Overview and Level Annotations

Branches:
Dungeon (1/1)


Innate Abilities, Weirdness & Mutations

You have an increased reservoir of magic. (+10% MP)


Message History

Unknown command.
You slice the meat berserker!!
You dissect the meat berserker like a pig carcass.
You kill the meat berserker!
You have reached level 24!
Your experience leads to a dramatic increase in your attributes!
Increase (S)trength, (I)ntelligence, or (D)exterity?
You feel agile. x2
You hit the crawling corpse but do no damage.
You cleave the crawling corpse in twain.
You destroy the crawling corpse!
You hit the sculptor of flesh.
You chop the sculptor of flesh into pieces.
You destroy the sculptor of flesh!
You slice the large bag of meat!!
You fatally mangle the large bag of meat.
The large bag of meat explodes!
The fiery explosion engulfs the meat berserker!!!
The fiery explosion engulfs you!!
You die...

##......#...oo...o....
......)))..)o)....o...
#..Vo.)o..o)x.o.o...
...#..))OoVx#O..Oz..#
......#..§o.#.......#
...#.....o###Vo.O.o.###.
..........O..o§###Oo....
.......#§oVooo§§§).O...z
.....#.oxo)o.#O§@).#oo..
###....§)o)..#_.<._# .
..o#...o...#..V).#
...Oo#........_.....
.oo..O......V###......
..o..O..###.... ..###.


Vo....... #.... ..# o........ #...V o.# #....... .. .V .. You could see 4
destroyers, a sculptor of flesh, 3 large bags of meat, 2 meat berserkers and 12
bags of meat.

Vanquished Creatures
  3 vampire knights (D)
  13 ogres (D)
  A two-headed ogre (D)
  27 orcs (D)
  2 skeletal warriors (D)
  A crawling corpse (D)
47 creatures vanquished.

Notes
Turn   | Place    | Note
-------+----------+-------------------------------------------
     0 | D        | Found the +∞ Axe of Woe
     0 | D        | Ponchio the Demigod Warper began the quest for the Orb.
     0 | D        | Reached XP level 1. HP: 17/17 MP: 5/5
     2 | D        | Noticed a bag of meat
     3 | D        | Noticed a bag of meat
     3 | D        | Noticed a bag of meat
     4 | D        | Noticed a meat berserker
     4 | D        | Noticed a bag of meat
     4 | D        | Noticed a bag of meat
     6 | D        | Killed a bag of meat
     6 | D        | Reached skill level 15 in Fighting
     6 | D        | Reached skill level 15 in Axes
     6 | D        | Reached skill level 15 in Dodging
     6 | D        | Reached XP level 2. HP: 48/48 MP: 7/7
     6 | D        | Reached XP level 3. HP: 55/55 MP: 8/8
     6 | D        | Reached XP level 4. HP: 62/62 MP: 9/9
     6 | D        | Reached XP level 5. HP: 69/69 MP: 10/10
     6 | D        | Reached XP level 6. HP: 77/77 MP: 11/11
     6 | D        | Reached XP level 7. HP: 83/83 MP: 12/12
     6 | D        | Reached XP level 8. HP: 91/91 MP: 13/13
     6 | D        | Reached XP level 9. HP: 97/97 MP: 14/14
     6 | D        | Reached XP level 10. HP: 105/105 MP: 15/15
     6 | D        | Reached XP level 11. HP: 112/112 MP: 17/17
     6 | D        | Noticed a meat berserker
     7 | D        | Noticed a bag of meat
     7 | D        | Noticed a bag of meat
     7 | D        | Noticed a bag of meat
     7 | D        | Noticed a bag of meat
     7 | D        | Noticed a bag of meat
     7 | D        | Noticed a bag of meat
     7 | D        | Noticed a bag of meat
     7 | D        | Noticed a bag of meat
     7 | D        | Noticed a bag of meat
     8 | D        | Killed a bag of meat
     8 | D        | Reached XP level 12. HP: 121/125 MP: 18/18
     8 | D        | Killed a bag of meat
     8 | D        | Reached XP level 13. HP: 132/137 MP: 19/19
     8 | D        | Killed a bag of meat
     8 | D        | Killed a bag of meat
     8 | D        | Reached XP level 14. HP: 146/151 MP: 20/20
     9 | D        | Noticed a meat berserker
    11 | D        | Noticed a meat berserker
    13 | D        | Learned a level 2 spell: Blink
    13 | D        | Noticed a meat berserker
    15 | D        | Noticed a meat berserker
    15 | D        | Killed a meat berserker
    15 | D        | Reached XP level 15. HP: 100/161 MP: 20/32
    15 | D        | Reached skill level 10 in Spellcasting
    15 | D        | Reached XP level 16. HP: 108/174 MP: 20/37
    16 | D        | Killed a meat berserker
    16 | D        | Reached skill level 15 in Translocations
    17 | D        | Killed a meat berserker
    17 | D        | Reached XP level 17. HP: 116/187 MP: 20/42
    17 | D        | Noticed a meat berserker
    18 | D        | Killed a meat berserker
    18 | D        | Reached skill level 27 in Fighting
    18 | D        | Reached skill level 27 in Axes
    18 | D        | Reached skill level 27 in Dodging
    18 | D        | Reached XP level 18. HP: 125/200 MP: 20/48
    18 | D        | Noticed a meat berserker
    18 | D        | Noticed a meat berserker
    20 | D        | Noticed a large bag of meat
    21 | D        | Noticed a destroyer
    21 | D        | Killed a meat berserker
    21 | D        | Reached skill level 15 in Throwing
    21 | D        | Reached XP level 19. HP: 130/207 MP: 20/54
    22 | D        | Noticed a large bag of meat
    22 | D        | Noticed a destroyer
    22 | D        | Noticed a meat berserker
    23 | D        | Killed a meat berserker
    23 | D        | Reached skill level 27 in Translocations
    23 | D        | Reached skill level 27 in Spellcasting
    23 | D        | Noticed a destroyer
    24 | D        | Noticed a large bag of meat
    24 | D        | Killed a meat berserker
    24 | D        | Reached skill level 27 in Throwing
    24 | D        | Reached XP level 20. HP: 136/216 MP: 21/58
    27 | D        | Noticed a destroyer
    28 | D        | Reached XP level 21. HP: 137/224 MP: 20/59
    29 | D        | Noticed a destroyer
    29 | D        | Noticed a destroyer
    30 | D        | Noticed a destroyer
    31 | D        | Noticed a large bag of meat
    32 | D        | Noticed a large bag of meat
    34 | D        | Noticed a destroyer
    37 | D        | Killed a destroyer
    37 | D        | Reached skill level 27 in Stealth
    37 | D        | Reached XP level 22. HP: 73/233 MP: 20/60
    37 | D        | Reached skill level 27 in Armour
    37 | D        | Reached skill level 27 in Unarmed Combat
    39 | D        | Noticed a destroyer
    40 | D        | Killed a destroyer
    40 | D        | Reached XP level 23. HP: 39/240 MP: 20/61
    40 | D        | Noticed a destroyer
    41 | D        | Killed a large bag of meat
    41 | D        | Killed a destroyer
    43 | D        | Reached XP level 24. HP: 15/249 MP: 21/61
    43 | D        | Killed a large bag of meat
    43 | D        | Killed from afar by a large bag of meat

Levels and vault maps discovered:
D:        meatsprint

Skill      XL: |  1  2  3  4  5  6  7  8  9 10 11 12 13 14 15 16 17 18 19 20 21 22 |
---------------+-------------------------------------------------------------------+-----
Fighting       | 15 17 19 21 22 23 25 27 | 27.0
Axes           | 15 17 19 21 22 23 25 27 | 27.0
Dodging        | 15 17 19 21 22 23 25 27 | 27.0
Spellcasting   | 8 12 16 20 24 27 | 27.0
Translocations | 9 13 17 22 26 27 | 27.0
Throwing       | 15 27 | 27.0
Armour         | 8 19 25 27 | 27.0
Stealth        | 9 20 27 | 27.0
Unarmed Combat | 8 19 26 27 | 27.0

Action                   |  1- 3 |  4- 6 |  7- 9 | 10-12 | 13-15 | 16-18 | 19-21 | 22-24 || total
-------------------------+-------+-------+-------+-------+-------+-------+-------+-------++-------
Melee: Executioner's axe |     1 |       |       |     1 |     1 |     4 |     7 |     5 ||    19
 Cast: Blink             |       |       |       |       |       |       |     2 |       ||     2
  Use: Potion            |     1 |       |       |       |       |       |       |       ||     1
       Scroll            |       |       |       |     1 |     1 |       |       |       ||     2
